Map: Lost and Found LE

Players

Starlord - Winner!

  • Race: Terran Terran
  • League: Grandmaster
  • Spawn Location: 1:00

JimRising

  • Race: Zerg Zerg
  • League: Grandmaster
  • Spawn Location: 7:00

VOD

Have the link to the VOD?

Description

Time

  • Played on: June 12, 2018, 10:51 p.m.
  • Length: 10:05
Show
View Real Time Build Order
Export as new Build Order

Starlord Terran - Winner!

Build Orders: Reaper Expand, MMM Bio 

Get SALT Encoding   

  12  0:01  SCV  
  13  0:13  SCV  
  14  0:19  Supply Depot  
  14  0:25  SCV  
  15  0:41  SCV  
  16  0:43  Barracks  
  16  0:45  Refinery  
  16  0:53  SCV  
  17  1:05  SCV  
  18  1:17  SCV  
  19  1:30  Orbital Command  
  19  1:31  Reaper  
  20  1:39  Command Center  
  20  1:50  Barracks  
  20  1:56  SCV  
  21  2:03  Barracks Reactor  
  21  2:05  Supply Depot  
  21  2:08  SCV  
  22  2:14  Refinery  
  22  2:20  SCV  
  23  2:26  Factory  
  23  2:36  SCV  
  24  2:41  Barracks Tech Lab, Marine x2  
  26  2:49  SCV  
  27  2:53  Orbital Command  
  27  3:01  SCV, Stimpack, Marine  
  29  3:06  Marine x2  
  31  3:19  SCV, Marine  
  33  3:20  SCV  
  33  3:24  Marine  
  33  3:26  Starport  
  35  3:32  Marine  
  35  3:33  Factory Reactor  
  36  3:34  SCV x2  
  36  3:40  Marine  
  39  3:41  Supply Depot  
  39  3:46  Marine  
  39  3:47  SCV  
  42  3:48  SCV  
  42  3:49  Marine  
  43  3:58  Marine  
  43  4:00  SCV  
  45  4:03  Supply Depot  
  45  4:04  Marine  
  46  4:11  Marine  
  46  4:16  Refinery  
  46  4:18  Medivac x2, Factory Tech Lab  
  46  4:19  Engineering Bay  
  46  4:20  Marine  
  46  4:22  Marine  
  46  4:23  SCV x2  
  54  4:32  Marine  
  54  4:35  SCV  
  54  4:38  Supply Depot  
  56  4:39  Marine  
  56  4:44  Siege Tank, Marine  
  61  4:47  Liberator  
  61  4:49  Terran Infantry Weapons Level 1, Supply Depot  
  61  5:01  SCV x2  
  61  5:02  Marine x2  
  68  5:10  Barracks x2  
  67  5:14  SCV  
  68  5:25  Siege Tank, Marine x2  
  73  5:30  Supply Depot  
  73  5:31  Barracks  
  73  5:42  Marine  
  73  5:43  Marine  
  73  5:44  Marine  
  74  5:54  Medivac  
  76  5:57  Siege Tank  
  76  6:00  Marine x4  
  76  6:02  Marine  
  84  6:06  Supply Depot  
  84  6:12  Supply Depot  
  84  6:18  Marine x3  
  86  6:30  Medivac, Siege Tank, Marine  
  86  6:31  SCV  
  86  6:32  Marine  
  93  6:36  Combat Shields  
  93  6:39  Supply Depot  
  94  6:47  Marine x3  
  94  6:48  Marine  
  98  6:55  Barracks  
  98  7:00  Supply Depot  
  98  7:18  Marine x3  
  98  7:19  Siege Tank, Marine x2  
  106  7:30  Marine  
  106  7:36  Marine x3  
  110  7:41  Marine x2  
  112  7:47  Marine  
  112  7:48  Marine  
  112  7:54  Marine x2  
  112  7:56  Marine  
  112  7:57  Medivac, Siege Tank  
  120  7:59  Marine x2  
  120  8:05  Marine  
  123  8:06  Marine  
  123  8:11  Marine  
  123  8:12  Marine  
  121  8:14  Marine  
  121  8:17  Marine x2  
  99  8:22  Marine  
  99  8:23  Marine  
  99  8:24  Medivac  
  97  8:29  Siege Tank, Marine x2  
  97  8:31  Marine  
  103  8:35  Marine  
  103  8:39  Marine  
  103  8:40  Marine  
  106  8:45  Marine  
  106  8:47  Marine  
  106  8:48  Marine  
  109  8:49  Marine  
  109  8:52  Marine  
  109  8:55  Armory  
  108  8:57  Command Center, Marine  
  108  8:58  Marine  
  106  9:02  Marine  
  106  9:05  Marine x2  
  106  9:07  Marine  
  109  9:10  Marine  
  109  9:15  Marine  
  109  9:16  Marine  
  104  9:20  Marine  
  104  9:23  Marine x2  
  99  9:29  Marine x2  
  94  9:33  Marine  
  94  9:34  Marine  
  94  9:38  Marine  
  94  9:41  Marine x2  
  97  9:46  Marine  
  97  9:47  Marine  
Show
View Real Time Build Order
Export as new Build Order

JimRising Zerg 

Build Orders: Hatch First 

Get SALT Encoding   

  12  0:00  Drone  
  13  0:12  Overlord  
  13  0:17  Drone  
  14  0:31  Drone x2  
  16  0:48  Hatchery  
  15  0:51  Drone  
  15  0:55  Drone  
  15  0:57  Extractor  
  16  1:12  Spawning Pool  
  16  1:17  Drone  
  16  1:18  Drone  
  17  1:21  Drone  
  18  1:29  Drone  
  19  1:42  Overlord  
  19  1:51  Drone  
  20  1:59  Queen  
  20  2:00  Queen  
  24  2:05  Metabolic Boost  
  24  2:08  Zergling x2  
  25  2:11  Zergling x2  
  25  2:15  Drone  
  27  2:17  Drone  
  28  2:23  Drone x2  
  30  2:37  Queen  
  30  2:41  Overlord  
  32  2:48  Drone x3  
  35  2:54  Drone  
  35  2:57  Overlord  
  36  3:03  Queen  
  36  3:05  Overlord  
  37  3:15  Drone x6  
  37  3:16  Drone  
  44  3:24  Drone x2  
  46  3:35  Hatchery  
  46  3:38  Drone x2  
  47  3:47  Zergling x6  
  50  3:48  Roach Warren  
  50  3:54  Overlord, Extractor  
  48  3:59  Baneling Nest  
  47  4:14  Drone x3  
  47  4:16  Drone x3  
  53  4:21  Overlord, Queen, Evolution Chamber  
  53  4:23  Overlord  
  54  4:25  Drone x4  
  58  4:43  Zergling x8  
  62  4:47  Zerg Ground Armor Level 1  
  62  4:51  Zergling x8  
  62  4:52  Drone  
  67  5:00  Zergling x10  
  67  5:02  Hatchery  
  71  5:07  Zergling x2  
  71  5:08  Baneling x3  
  71  5:09  Baneling x3  
  72  5:19  Baneling  
  72  5:20  Overlord x2  
  73  5:21  Drone  
  73  5:23  Overlord  
  73  5:30  Overlord x2  
  73  5:35  Drone, Evolution Chamber  
  73  5:41  Zergling x8  
  72  5:43  Drone x4  
  74  5:50  Zergling x6  
  74  5:51  Zergling x6  
  80  5:58  Drone x4  
  80  5:59  Drone  
  80  6:03  Overlord  
  85  6:05  Baneling x2  
  85  6:06  Hatchery, Lair  
  85  6:07  Zerg Melee Weapons Level 1  
  85  6:08  Drone  
  85  6:10  Extractor  
  84  6:12  Zergling x4  
  86  6:28  Drone x3  
  86  6:30  Drone  
  86  6:31  Zergling x16, Extractor  
  97  6:35  Drone  
  97  6:36  Drone x2  
  96  6:40  Baneling x13  
  96  6:41  Zergling x4  
  96  6:42  Zergling x2  
  96  6:44  Drone  
  100  6:50  Drone x3  
  103  6:57  Baneling x2  
  104  7:01  Zergling x8  
  104  7:02  Zergling x8  
  104  7:07  Zergling x12  
  117  7:13  Zergling x6  
  120  7:17  Overlord x2  
  120  7:21  Zergling x6  
  120  7:22  Centrifical Hooks  
  123  7:24  Overlord  
  123  7:26  Overlord  
  123  7:33  Overlord x3  
  115  7:50  Zergling x2  
  115  7:51  Zergling x30  
  123  7:55  Zergling x6  
  128  8:00  Zergling x6  
  125  8:08  Zergling x8  
  125  8:09  Zergling x2  
  91  8:23  Zergling x28  
  91  8:25  Baneling x10  
  96  8:30  Zergling x6  
  97  8:35  Zergling x2  
  97  8:36  Zergling x2  
  97  8:39  Queen  
  97  8:40  Zergling x4  
  95  8:41  Zergling x2  
  95  8:47  Zergling x4  
  95  8:48  Zergling x8  
  93  8:49  Zergling x2  
  92  8:57  Zergling x4  
  92  8:58  Baneling x4  
  92  8:59  Zergling x6  
  92  9:01  Baneling x3  
  92  9:03  Zergling x6  
  92  9:04  Queen  
  92  9:06  Zergling x2  
  92  9:07  Zergling x2  
  88  9:13  Zergling x8  
  88  9:14  Queen, Zergling x2  
  88  9:15  Zergling x2  
  89  9:20  Queen  
  89  9:23  Zergling x2  
  89  9:24  Zergling x4  
  90  9:30  Zergling x12  
  90  9:31  Zergling x4  
  87  9:36  Zergling x2  
  82  9:38  Zergling x4  
  82  9:43  Zergling x4  
Tags
 
Add a new tag
Caveats
  • Supply blocks, unpowered buildings, or Contaminate may cause inaccurate times.
  • Supply counts are checked every 10 seconds.